AoeStats
← PiroTrix

Arena

509981973Analyzed
1v1 RM · 3d ago on Sep 28, 2026· 57m 36s· 2 players
Game mode
Random Map
Map size
Tiny (2 player)
Population
200
Speed
Normal
Resources
Standard
Victory
Conquest
Starting age
Dark Age
Ending age
Imperial Age
RankedLock teamsTeams togetherTeam positionsShared explorationLock speedFull tech treeHidden civsTurbo modeCheats
Victory
Defeat
🇦🇷 Khmer · Argentina
668
+14
🇨🇱 Franks · Chile
621
-17
PiroTrix
11:20 Feudal Age
13:10 Double-Bit Axe
19:34 Castle Age
17:39 Gold Mining
22:08 Bow Saw
23:30 Stone Mining
24:23 Wheelbarrow
23:35 Town Watch
25:46 Loom
30:55 Hand Cart
31:25 Gold Shaft Mining
37:31 Imperial Age
35:29 Town Patrol
36:10 Forging
36:00 Scale Mail Armor
36:07 Scale Barding Armor
36:03 Padded Archer Armor
35:54 Fletching
36:47 Husbandry
36:15 Elite Skirmisher
38:38 Cavalier
42:50 Iron Casting
42:30 Chain Mail Armor
42:36 Chain Barding Armor
42:31 Leather Archer Armor
42:12 Bodkin Arrow
43:23 Paladin
46:00 Blast Furnace
45:31 Plate Mail Armor
gillig_kc
10:24 Feudal Age
11:52 Wheelbarrow
12:01 Double-Bit Axe
18:32 Castle Age
16:31 Horse Collar
19:28 Hand Cart
19:38 Bow Saw
19:53 Heavy Plow
27:41 Gold Mining
29:52 Gold Shaft Mining
30:38 Stone Mining
30:50 Pikeman
31:16 Arson
32:47 Stone Shaft Mining
36:17 Imperial Age
33:56 Scale Barding Armor
33:51 Scale Mail Armor
34:02 Forging
33:42 Fletching
33:53 Padded Archer Armor
35:47 Chain Barding Armor
35:43 Chain Mail Armor
36:22 Elite Ballista Elephant
37:03 Tusk Swords
37:03 Double Crossbow
37:40 Hoardings
36:36 Halberdier
37:09 Light Cavalry
37:59 Bloodlines
37:50 Husbandry
37:23 Heavy Scorpion
37:55 Capped Ram
38:16 Hussar
39:56 Siege Ram
44:13 Plate Barding Armor
44:14 Iron Casting
43:35 Bodkin Arrow
43:55 Leather Archer Armor
48:33 Blast Furnace
47:33 Bracer
Connection lost

Rejoining the realm…

Still unreachable

The connection could not be restored.

Session expired

The server has moved on; the page needs a fresh start.